 Dungeon Crawl Stone Soup version 0.29.1-12-g30fa7ad0bf (webtiles) character file.

Game seed: 1966508865672193901

34058 javelincjr the Cleaver (level 13, -2/92 HPs)
             Began as a Demonspawn Gladiator on Dec 13, 2022.
             Was a High Priest of Hepliaklqana.
             Killed from afar by Frances (29 damage)
             ... with an iron shot
             ... on level 14 of the Dungeon on Dec 14, 2022.
             The game lasted 01:49:31 (15968 turns).

javelincjr the Cleaver (Demonspawn Gladiator)      Turns: 15968, Time: 01:49:32

Health: -2/92      AC: 31    Str: 18    XL:     13   Next: 40%
Magic:  4/4        EV: 13    Int: 10    God:    Hepliaklqana [*****.]
Gold:   653        SH:  5    Dex: 22    Spells: 12/12 levels left

rFire   + . .      SeeInvis +   m - +8 Wrath of Trog {antimagic, *Rage Rampage}
rCold   . . .      Faith    .   (shield currently unavailable)
rNeg    . . .      Spirit   .   W - +0 plate armour
rPois   .          Reflect  +   (helmet unavailable)
rElec   .          Harm     .   r - +2 cloak {Stlth+}
rCorr   .          Rampage  +   M - +0 pair of gloves {hurl}
Will    .....      Rage     50% (no boots)
Stlth   +.........              n - amulet of reflection
HPRegen 0.25/turn               Y - +6 ring of dexterity
MPRegen 0.09/turn               Q - ring of protection from fire

@: agile, sanguine armoured, on berserk cooldown, slowed, studying 2 skills,
very slow
A: reduced essence, antennae 3, demonic guardian 3, powered by pain 1, sanguine
armour 3
a: Renounce Religion, Recall Ancestor, Ancestor Identity, Transference, Idealise


You were on level 14 of the Dungeon.
You worshipped Hepliaklqana.
Hepliaklqana was extremely pleased with you.
You visited 2 branches of the dungeon, and saw 15 of its levels.

You collected 837 gold pieces.
You spent 184 gold pieces at shops.

Inventory:

Hand Weapons
 a - a +4 war axe of draining
 b - the +2 short sword "Demonslayer" {antimagic, Stlth+}
   (You found it on level 3 of the Dungeon)

   It reduces the magical energy of the wielder, and disrupts the spells and
   magical abilities of those it strikes.
   Natural abilities and divine invocations are not affected.
   Stlth:     It makes you more stealthy.
 m - the +8 Wrath of Trog (weapon) {antimagic, *Rage Rampage}
   (You found it on level 13 of the Dungeon)

   It reduces the magical energy of the wielder, and disrupts the spells and
   magical abilities of those it strikes.
   Natural abilities and divine invocations are not affected.
   It causes slowness and exhaustion when equipped.
   It extends the wielder's berserk rage when killing foes.
   *Rage:     It berserks you when you make melee attacks (+50% chance).
   Rampage:   It bestows one free step when moving towards enemies.
 E - a +0 eveningstar of protection
Missiles
 d - 5 throwing nets
 j - 49 poisoned darts
 w - 4 javelins (quivered)
 x - 2 atropa-tipped darts
 B - 9 boomerangs
 D - 3 curare-tipped darts
Armour
 f - an orb of guile
 i - an orb of wrath
 p - a +1 pair of gloves
 r - a +2 cloak of stealth (worn)
 L - a +4 scale mail of fire resistance
 M - a +0 pair of gloves of hurling (worn)
 W - a +0 plate armour (worn)
 Z - the +0 ring mail of Dramatic Exits {+Inv rN+ Will++}
   (You found it on level 10 of the Dungeon)

   rN:        It protects you from negative energy.
   +Inv:      It lets you turn invisible.
   Will:      It greatly increases your willpower.
Jewellery
 g - a ring of flight
 n - an amulet of reflection (around neck)
 z - a ring of poison resistance
 F - a ring of protection from cold
 H - a ring of resist corrosion
 Q - a ring of protection from fire (right hand)
 R - an amulet of the acrobat
 Y - a +6 ring of dexterity (left hand)
Wands
 h - a wand of paralysis (15)
 q - a wand of light (13)
 u - a wand of mindburst (14)
 S - a wand of flame (13)
 V - a wand of digging (8)
Scrolls
 e - a scroll of fear
 o - 2 scrolls of magic mapping
 s - 5 scrolls of identify
 y - 8 scrolls of teleportation
 A - a scroll of silence
 C - 2 scrolls of fog
 I - 2 scrolls of summoning
 J - 4 scrolls of poison
 K - 2 scrolls of blinking
 U - a scroll of noise
Potions
 k - a potion of magic
 l - 8 potions of curing
 v - 2 potions of brilliance
 G - a potion of resistance
 N - a potion of berserk rage {unknown}
 O - 3 potions of flight
 P - a potion of mutation
 T - 2 potions of cancellation
Miscellaneous
 c - a condenser vane
 X - a tin of tremorstones (2/2)


   Skills:
 + Level 9.8 Fighting
 + Level 14.9 Axes
 + Level 2.7 Throwing
 + Level 9.5 Armour
 + Level 4.5 Dodging
 + Level 7.2 Stealth
 + Level 5.6 Shields


You had 12 spell levels left.
You didn't know any spells.
Your spell library contained the following spells:

 Spells                   Type           Power      Damage    Failure   Level
 Sting                    Tmut/Pois      0%         1d3       100%        1
 Summon Small Mammal      Summ           0%         N/A       100%        1
 Call Canine Familiar     Summ           0%         N/A       100%        3
 Summon Guardian Golem    Hex/Summ       0%         N/A       100%        3
 Airstrike                Air            0%         2d(0-16)  100%        4
 Anguish                  Hex/Necr       0%         N/A       100%        4
 Animate Armour           Summ/Erth      0%         N/A       100%        4
 Fulminant Prism          Conj/Hex       0%         3d6       100%        4
 Hailstorm                Conj/Ice       0%         3d3       100%        4
 Ice Form                 Ice/Tmut       0%         N/A       100%        4
 Iskenderun's Mystic Bla  Conj/Tloc      0%         2d3       100%        4
 Summon Lightning Spire   Summ/Air       0%         N/A       100%        4
 Blade Hands              Tmut           0%         N/A       100%        5
 Lee's Rapid Deconstruct  Erth           0%         3d5*      100%        5
 Lightning Bolt           Conj/Air       0%         1d11      100%        5
 Yara's Violent Unravell  Hex/Tmut       0%         3d3       100%        5
 Iron Shot                Conj/Erth      0%         9d1       100%        6
 Simulacrum               Ice/Necr       0%         N/A       100%        6
 Dragon Form              Tmut           0%         N/A       100%        7
 Enfeeble                 Hex            0%         N/A       100%        7


Dungeon Overview and Level Annotations

Branches:
Dungeon (14/15)            Temple (1/1) D:4            Lair (0/5) D:9
    Orc (0/2) D:12         Vaults (0/5) D:13

Altars:
Ashenzari
Cheibriados
Dithmenos
Fedhas
Gozag
Hepliaklqana
Kikubaaqudgha
Makhleb
Nemelex Xobeh
Okawaru
Qazlal
Ru
Sif Muna
Trog
Uskayaw
Vehumet
Wu Jian
Xom
Yredelemnul

Shops:
D:4 =   D:5 [[   D:11 [

Annotations:
D:14 Frances


Innate Abilities, Weirdness & Mutations

Your life essence is reduced to manifest your ancestor. (-10% HP)
You have a pair of large antennae on your head. (SInv)
A powerful demonic guardian rushes to your aid.
You sometimes gain a little power by taking damage.
When seriously injured, your blood forms very thick armour. (AC +12)


Message History

Your sixfirhy hits the skeletal warrior but does no damage.
Your sixfirhy hits the skeletal warrior!
Your sixfirhy shocks the skeletal warrior!
Jerry gestures at Frances while chanting.
The puff of frost hits Frances!
Your sixfirhy hits the skeletal warrior.
Your sixfirhy shocks the skeletal warrior!
The skeletal warrior closely misses your sixfirhy.
Frances hits Jerry with a +0 trident!
Jerry closely misses Frances.
Your sixfirhy hits the skeletal warrior but does no damage.
Your sixfirhy hits the skeletal warrior.
Your sixfirhy shocks the skeletal warrior!
Frances says, "I will defeat you, of this I have no doubt!"
Frances hits Jerry with a +0 trident!!
Jerry is destroyed!
The skeletal warrior hits your sixfirhy but does no damage.
Frances whispers indecipherable words.
Frances seems to speed up.
Frances chants phrases taken from a devil's mouth.
Your sixfirhy hits the skeletal warrior.
Your sixfirhy shocks the skeletal warrior!
Your sixfirhy disappears in a puff of smoke!
Frances screams a word of power!
Frances says, "I value strength and power.
I see none of this in you."
Okay, then.
As you read the scroll of fog, it crumbles to dust.
The scroll dissolves into smoke.
Frances barely misses you.
You block the skeletal warrior's attack.
You slash the skeletal warrior!
The skeletal warrior is almost destroyed.
Frances barely misses you. Frances hits you but does no damage.
A skeletal warrior comes into view. It is wielding a +0 short sword.
You block the skeletal warrior's attack.
Frances completely misses you.
You slash the skeletal warrior!
You destroy the skeletal warrior!
Frances mutters in a terrible tongue.
The iron shot hits you!!
You die...

#....4......
#...@######..
#.{..# ..#
#.#..# ..#
#.§§§# #.§§§#
#.§@4# #.##§#
#.§§@#####
#..§§.....z.
#......####.
#......#
#......#
#.###..##
#.........
#.....####
#.....#


You could see Frances (fast), a skeletal warrior and a rust devil (summoned).

Vanquished Creatures
  Harold (D:9)
  3 vault guards (D:13)
  An ogre mage (D:13)
  A boulder beetle (D:12)
  A two-headed ogre (D:12)
  Urug (D:11)
  2 skeletal warriors (D:14)
  A wizard (D:13)
  Pikel (D:5)
  4 cyclopes
  4 ugly things (D:13)
  3 manticores
  A cane toad (shapeshifter) (D:13)
  An efreet (D:14)
  2 yaktaurs (D:13)
  A yaktaur (shapeshifter) (D:13)
  A hornet (D:8)
  3 slime creatures
  15 yaks
  4 shadows
  A wraith (D:12)
  A basilisk (D:13)
  A steam dragon (D:9)
  11 vampire mosquitoes
  Menkaure (D:4)
  2 acid dragons
  A water moccasin (D:5)
  2 orc warriors
  An ogre (D:5)
  4 centaurs
  A lemure (D:5)
  A kobold brigand (D:10)
  3 bullfrogs
  3 gnoll sergeants
  A scorpion (D:6)
  2 troll zombies (D:12)
  3 electric eels (D:12)
  4 jellies
  A crimson imp (D:7)
  3 orc priests
  3 gnoll boudas
  3 hounds
  An iguana (D:6)
  Ijyb (D:4)
  5 orc wizards
  Robin (D:4)
  13 gnolls
  5 adders
  A white imp (D:7)
  2 ufetubi
  A worm (D:2)
  5 dart slugs
  19 orcs
  4 endoplasms
  4 giant cockroaches
  18 goblins
  5 hobgoblins
  2 jackals (D:1)
  6 quokkas
  4 ball pythons
  4 bats
  2 frilled lizards
  A goblin zombie (D:12)
  A hobgoblin skeleton (D:12)
  A hobgoblin zombie (D:12)
  10 kobolds
  An orc skeleton (D:12)
  9 orc zombies (D:12)
  3 rats
233 creatures vanquished.

Vanquished Creatures (collateral kills)
  2 vault guards (D:13)
  A hydra (D:13)
  Erica (D:9)
  A boulder beetle (D:10)
  2 two-headed ogres
  A tengu warrior (D:10)
  4 slime creatures
  A wizard (D:10)
  2 ugly things
  A cyclops (D:13)
  A manticore (D:11)
  2 gargoyles (D:11)
  Psyche (D:9)
  2 unseen horrors
  An efreet (D:13)
  A komodo dragon (D:11)
  A hornet (D:11)
  Prince Ribbit (D:8)
  A shadow (D:12)
  A water elemental (D:12)
  8 yaks
  5 vampire mosquitoes
  A two-headed ogre zombie (D:12)
  An ice beast (D:7)
  An ogre (D:6)
  4 orc warriors
  2 centaurs
  3 bullfrogs
  A kobold brigand (D:11)
  A troll zombie (D:12)
  2 electric eels (D:12)
  3 howler monkeys
  4 orc priests
  A gnoll bouda (D:8)
  6 orc wizards
  4 ogre zombies (D:12)
  11 gnolls
  12 orcs
  3 goblins (D:4)
  2 hobgoblins (D:4)
  A quokka (D:4)
  2 goblin skeletons (D:12)
  A hobgoblin zombie (D:12)
  7 kobolds
  An orc skeleton (D:12)
  8 orc zombies (D:12)
123 creatures vanquished.

Vanquished Creatures (others)
  9 battlemagi
  An ancestor (D:6)
  6 demonic plants (D:1)
  A fungus (D:1)
  A plant (D:1)
  4 toadstools (D:1)
  2 withered plants (D:1)
24 creatures vanquished.

Grand Total: 380 creatures vanquished

Notes
Turn   | Place    | Note
-------+----------+-------------------------------------------
     0 | D:1      | javelincjr the Demonspawn Gladiator began the quest for the
                  | Orb.
     0 | D:1      | Reached XP level 1. HP: 16/16 MP: 1/1
   341 | D:1      | Gained mutation: A weak demonic guardian rushes to your
                  | aid. [demonic ancestry]
   341 | D:1      | Reached XP level 2. HP: 16/22 MP: 2/2
   346 | D:1      | Reached skill level 3 in Axes
   885 | D:1      | Found a faded altar of an unknown god.
  1373 | D:2      | Gained mutation: You sometimes gain a little power by
                  | taking damage. [demonic ancestry]
  1373 | D:2      | Reached XP level 3. HP: 27/27 MP: 3/3
  1825 | D:2      | Reached skill level 1 in Armour
  2054 | D:3      | You fall into a shaft and drop 2 floors!
  2054 | D:5      | Entered Level 5 of the Dungeon
  2066 | D:5      | Found Qekist's Armour Shoppe.
  2309 | D:3      | Found a shimmering altar of Xom.
  2312 | D:3      | Found a shadowy altar of Dithmenos.
  2318 | D:3      | Found a blossoming altar of Fedhas.
  2329 | D:3      | Found a bloodstained altar of Trog.
  2367 | D:3      | Found a sparkling altar of Nemelex Xobeh.
  2442 | D:3      | Identified the +2 short sword "Demonslayer" {antimagic,
                  | Stlth+}
  2526 | D:3      | Gained mutation: A demonic guardian rushes to your aid.
                  | [demonic ancestry]
  2526 | D:3      | Reached XP level 4. HP: 33/33 MP: 4/4
  2858 | D:4      | Noticed Ijyb
  2876 | D:4      | Killed Ijyb
  2877 | D:4      | Reached skill level 4 in Axes
  2877 | D:4      | Gained mutation: You have a pair of small antennae on your
                  | head. [demonic ancestry]
  2877 | D:4      | Reached XP level 5. HP: 39/39 MP: 5/5
  2957 | D:4      | Reached skill level 1 in Stealth
  3539 | D:4      | Noticed Menkaure
  3673 | D:4      | Found a staircase to the Ecumenical Temple.
  3728 | D:4      | Found Jeegopny's Jewellery Boutique.
  3827 | D:4      | Reached skill level 1 in Shields
  3827 | D:4      | Reached XP level 6. HP: 38/46 MP: 6/6
  3865 | Temple   | Entered the Ecumenical Temple
  4176 | Temple   | Became a worshipper of Hepliaklqana the Forgotten
  4507 | D:4      | Killed Menkaure
  4508 | D:4      | Reached skill level 5 in Axes
  4665 | D:4      | Noticed Robin
  4676 | D:4      | Killed Robin
  5020 | D:5      | Reached XP level 7. HP: 52/52 MP: 7/7
  5090 | D:5      | Noticed Pikel
  5100 | D:5      | Killed Pikel
  5101 | D:5      | Reached skill level 6 in Axes
  5101 | D:5      | Gained mutation: You have a pair of antennae on your head.
                  | [demonic ancestry]
  5101 | D:5      | Reached XP level 8. HP: 60/60 MP: 8/8
  5104 | D:5      | Reached skill level 7 in Axes
  5150 | D:5      | Found Haeroum's Armour Boutique.
  5977 | D:6      | Reached skill level 8 in Axes
  6273 | D:6      | Reached * piety under Hepliaklqana
  6472 | D:6      | Found a sacrificial altar of Ru.
  6844 | D:7      | Gained mutation: You have a pair of large antennae on your
                  | head. (SInv) [demonic ancestry]
  6844 | D:7      | Reached XP level 9. HP: 57/59 MP: 9/9
  7412 | D:7      | Found a burning altar of Makhleb.
  7746 | D:7      | Reached ** piety under Hepliaklqana
  7747 | D:7      | Remembered your ancestor Jerry as a battlemage
  7778 | D:7      | Reached skill level 9 in Axes
  7870 | D:8      | Noticed Prince Ribbit
  7881 | D:8      | Reached skill level 5 in Fighting
  7882 | D:8      | Killed Prince Ribbit
  7897 | D:8      | Reached skill level 5 in Armour
  7900 | D:8      | HP: 1/61 [orc wizard/magic dart (7)]
  8170 | D:8      | Identified 2 scrolls of acquirement
  8178 | D:8      | Acquired a manual of Stealth
  8179 | D:8      | Acquired a manual of Evocations
  8218 | D:8      | Reached skill level 10 in Axes
  8219 | D:8      | Gained mutation: When seriously injured, your blood forms
                  | armour. (AC +12) [demonic ancestry]
  8219 | D:8      | Reached XP level 10. HP: 65/68 MP: 10/10
  8577 | D:8      | Noticed a two-headed ogre
  8584 | D:8      | Killed a two-headed ogre
  9250 | D:9      | Noticed Erica
  9261 | D:9      | Killed Erica
  9262 | D:9      | Reached skill level 11 in Axes
  9429 | D:9      | Reached *** piety under Hepliaklqana
  9488 | D:9      | Found a staircase to the Lair.
  9628 | D:9      | Noticed Psyche
  9633 | D:9      | Killed Psyche
  9653 | D:9      | Noticed Harold
  9671 | D:9      | Killed Harold
 10083 | D:10     | Entered Level 10 of the Dungeon
 10284 | D:10     | Noticed a boulder beetle
 10285 | D:10     | Noticed a manticore
 10285 | D:10     | Noticed a tengu warrior
 10333 | D:10     | Killed a tengu warrior
 10334 | D:10     | Gained mutation: When seriously injured, your blood forms
                  | thick armour. (AC +12) [demonic ancestry]
 10334 | D:10     | Reached XP level 11. HP: 55/74 MP: 11/11
 10538 | D:10     | Noticed a purple ugly thing
 10542 | D:10     | Killed a purple ugly thing
 10542 | D:10     | Noticed a wizard
 10543 | D:10     | Killed a wizard
 10560 | D:10     | Killed a boulder beetle
 10561 | D:10     | Reached skill level 12 in Axes
 10729 | D:10     | Identified the +0 ring mail of Dramatic Exits {+Inv rN+
                  | Will++}
 10752 | D:10     | Got the Folio of Changing
 11312 | D:11     | Found a shadowy altar of Dithmenos.
 11358 | D:11     | Reached skill level 5 in Stealth
 11496 | D:11     | Noticed Urug
 11504 | D:11     | Killed Urug
 11520 | D:11     | Noticed a two-headed ogre
 11526 | D:11     | Killed a two-headed ogre
 11748 | D:11     | Reached **** piety under Hepliaklqana
 11838 | D:11     | Found Zamas's Armour Emporium.
 11841 | D:11     | Bought a +0 pair of gloves of hurling for 184 gold pieces
 11967 | D:11     | Reached skill level 5 in Shields
 11967 | D:11     | Gained mutation: A powerful demonic guardian rushes to your
                  | aid. [demonic ancestry]
 11967 | D:11     | Reached XP level 12. HP: 64/82 MP: 12/12
 12346 | D:12     | Reached skill level 13 in Axes
 12370 | D:12     | Noticed a two-headed ogre
 12374 | D:12     | Noticed a boulder beetle
 12574 | D:12     | Killed a boulder beetle
 12598 | D:12     | Killed a two-headed ogre
 13221 | D:12     | Found a staircase to the Orcish Mines.
 14135 | D:13     | Noticed an eight-headed hydra
 14143 | D:13     | Killed an 11-headed hydra
 14157 | D:13     | Reached skill level 14 in Axes
 14651 | D:13     | Found the +8 Wrath of Trog {antimagic, *Rage Rampage}
 14853 | D:13     | Gained mutation: When seriously injured, your blood forms
                  | very thick armour. (AC +12) [demonic ancestry]
 14853 | D:13     | Reached XP level 13. HP: 90/90 MP: 4/13
 15088 | D:13     | Reached ***** piety under Hepliaklqana
 15531 | D:13     | Found a gate to the Vaults.
 15950 | D:14     | Noticed Frances
 15968 | D:14     | Killed from afar by Frances

Illustrated notes

Levels and vault maps discovered:
D:1:      ldierk_walled_garden_2, layout_basic, shapermc_ecumenical_altar_gd,
          serial_corexii_hall, chequers_hall_statues_corner_a,
          corexii_hall_statues_l, corexii_hall_statues_s
D:2:      layout_basic
D:3:      layout_basic, nemelex_spade_bored_becter,
          grunt_temple_overflow_cloverleaf
D:4:      kennysheep_spiral_hall, layout_basic, minmay_temple_entry_glass,
          serial_shops, nicolae_stop_n_shop_2, kennysheep_path_1,
          eino_tiny_chamber, minmay_stone_trees_small, dreamdust_wishing_well,
          minmay_crystal_room, uniq_menkaure, uniq_ijyb, uniq_robin
D:5:      layout_basic, mainiacjoe_overflow_catwalk, serial_shops,
          nicolae_shop_hallway_plus, nicolae_lakefront_shop, uniq_pikel
D:6:      layout_cave_pools, overflow_temple_1_default
D:7:      layout_loops_corners, makhleb_grotto_becter
D:8:      layout_cave_pools, st_stairs_5, uniq_prince_ribbit1
D:9:      layout_gridville, lair_entry_dummy, uniq_erica, uniq_harold,
          uniq_psyche
D:10:     minmay_cut_squares, layout_basic
D:11:     layout_irregular_city, serial_shops, nicolae_shop_behind_doors,
          grunt_dithmenos_shadows, uniq_urug
D:12:     layout_basic, zombieorc2_lemuel
D:13:     layout_gridville, grunt_vaults_entry_fortified, minmay_crystal_water
D:14:     layout_stronghold, kennysheep_two_boxes, uniq_frances
Temple:   zaba_magenta_temple

Skill      XL: |  1  2  3  4  5  6  7  8  9 10 11 12 13 |
---------------+----------------------------------------+-----
Axes           | 3 4 5 6 8 10 11 12 14 | 14.9
Armour         | 1 2 3 5 6 7 9 |  9.5
Dodging        | 3 4 |  4.5
Stealth        | 1 2 4 5 6 7 |  7.2
Shields        | 1 2 3 5 |  5.6
Fighting       | 3 4 5 6 8 9 |  9.8
Throwing       | 2 |  2.7

Action                   |  1- 3 |  4- 6 |  7- 9 | 10-12 | 13-15 || total
-------------------------+-------+-------+-------+-------+-------++-------
Melee: War axe           |   136 |   106 |   153 |   299 |       ||   694
       Battleaxe         |       |       |       |    12 |    70 ||    82
Throw: Throwing net      |       |       |       |     3 |       ||     3
       Javelin           |       |       |       |    10 |       ||    10
Invok: Ancestor Life: Ba |       |       |     1 |       |       ||     1
       Ancestor Identity |       |       |       |     1 |       ||     1
       Recall Ancestor   |       |       |       |     1 |       ||     1
  Use: Scroll            |     7 |       |    18 |     8 |     2 ||    35
       Potion            |       |     1 |     1 |       |       ||     2
 Stab: Sleeping          |     1 |     1 |       |       |       ||     2
       Distracted        |       |     1 |     3 |     8 |     3 ||    15
Armor: Leather armour    |     9 |       |       |       |       ||     9
       Scale mail        |    49 |       |       |       |       ||    49
       Skin              |     5 |    16 |       |       |       ||    21
       Chain mail        |       |     8 |    84 |    15 |       ||   107
       Plate armour      |       |       |       |   157 |    22 ||   179
Dodge: Dodged            |    80 |    52 |    84 |   127 |    21 ||   364
Block: Orb               |    16 |    25 |    34 |    70 |       ||   145
       Reflection        |       |     2 |       |     9 |     1 ||    12
       Other             |       |       |       |       |    13 ||    13
